Map: Neon Violet Square LE

Players

Lambo

  • Race: Zerg Zerg
  • League: Grandmaster
  • Spawn Location: 5:00

Solar - Winner!

  • Race: Zerg Zerg
  • Spawn Location: 11:00

Event: HomeStory Cup XVI

VOD

Have the link to the VOD?

Description

Time

  • Played on: Nov. 9, 2017, 1:51 p.m.
  • Length: 7:00

All games in this series

Show
View Real Time Build Order
Export as new Build Order

Lambo Zerg 

Build Orders: 3 Hatch before Pool 

Get SALT Encoding   

  12  0:00  Drone  
  13  0:13  Overlord  
  13  0:17  Drone  
  14  0:32  Drone x2  
  16  0:38  Drone  
  17  0:53  Hatchery  
  17  0:55  Drone  
  17  0:59  Drone  
  18  1:19  Hatchery  
  18  1:22  Drone  
  18  1:25  Drone  
  19  1:36  Extractor  
  19  1:39  Spawning Pool  
  17  1:42  Drone  
  17  1:46  Drone  
  19  1:53  Drone  
  20  2:02  Drone  
  20  2:06  Drone  
  22  2:13  Drone  
  23  2:16  Drone  
  24  2:26  Queen x2  
  28  2:31  Zergling x2  
  28  2:32  Zergling x2  
  28  2:34  Drone  
  28  2:36  Metabolic Boost  
  31  2:38  Drone  
  31  2:41  Drone  
  33  2:44  Overlord  
  33  2:49  Drone  
  34  3:05  Drone x3  
  37  3:09  Drone  
  37  3:11  Baneling Nest  
  37  3:12  Overlord  
  37  3:13  Drone  
  37  3:14  Drone x2  
  40  3:21  Drone  
  41  3:28  Drone  
  41  3:29  Queen  
  44  3:37  Overlord, Drone x2  
  44  3:39  Zergling x2  
  48  3:43  Drone  
  48  3:46  Lair  
  48  3:48  Drone x3  
  50  3:57  Drone x3  
  50  3:58  Drone x3  
  56  4:02  Extractor  
  56  4:05  Extractor  
  56  4:07  Extractor, Zergling x10  
  58  4:18  Baneling x2  
  58  4:21  Overlord  
  58  4:23  Overlord  
  57  4:34  Drone  
  57  4:35  Overlord  
  58  4:45  Overlord  
  57  4:50  Zergling x2  
  57  4:51  Spire, Zergling x18  
  66  4:57  Baneling x3  
  66  4:59  Zergling x8  
  70  5:02  Baneling x2  
  71  5:07  Zergling x10  
  73  5:20  Overlord  
  71  5:25  Extractor  
  71  5:27  Extractor  
  69  5:33  Zergling x6  
  69  5:34  Zergling x8  
  75  5:36  Spine Crawler  
  75  5:38  Spine Crawler  
  75  5:39  Spine Crawler x2  
  75  5:42  Baneling  
  71  5:43  Baneling  
  71  5:54  Zergling x8  
  71  5:55  Zergling x4  
  71  5:56  Baneling x2  
  71  5:57  Baneling  
  76  6:03  Overlord  
  65  6:08  Mutalisk x4  
  65  6:10  Zergling x2  
  72  6:16  Zergling x4  
  72  6:17  Baneling x4  
  73  6:21  Zergling x4  
  73  6:22  Baneling  
  73  6:23  Baneling  
  75  6:27  Baneling x4  
  75  6:29  Zergling x2  
  70  6:33  Zergling x4  
  70  6:35  Zergling x2  
  70  6:38  Zergling x4  
  65  6:42  Baneling x2, Zergling x2  
Show
View Real Time Build Order
Export as new Build Order

Solar Zerg - Winner!

Build Orders: Hatch First 

Get SALT Encoding   

  12  0:00  Drone  
  13  0:13  Overlord  
  13  0:17  Drone  
  14  0:31  Drone x2  
  16  0:35  Drone  
  17  0:52  Hatchery  
  17  0:55  Drone  
  17  0:59  Drone  
  18  1:06  Extractor  
  17  1:16  Spawning Pool  
  16  1:18  Drone  
  16  1:22  Drone  
  18  1:29  Drone  
  19  1:39  Drone  
  20  1:49  Overlord  
  20  2:04  Queen x2  
  20  2:05  Zergling x4  
  26  2:08  Metabolic Boost  
  26  2:12  Drone  
  27  2:15  Drone  
  28  2:26  Drone x2  
  30  2:41  Hatchery  
  30  2:43  Drone  
  30  2:45  Drone  
  31  2:51  Baneling Nest  
  31  2:53  Drone  
  31  2:56  Drone  
  33  3:05  Drone  
  33  3:06  Drone x2  
  35  3:13  Drone  
  36  3:20  Overlord  
  36  3:28  Overlord  
  36  3:30  Overlord  
  36  3:38  Zergling x2  
  36  3:39  Drone x3, Zergling x2  
  41  3:44  Queen  
  41  3:45  Drone  
  41  3:48  Baneling x2  
  44  3:49  Zergling x2  
  44  3:50  Drone  
  44  3:51  Drone  
  44  3:52  Drone x2  
  48  3:57  Lair  
  48  4:00  Zergling x2  
  48  4:02  Drone  
  50  4:06  Extractor x2, Zergling x4  
  50  4:09  Drone  
  51  4:10  Drone  
  51  4:11  Drone  
  51  4:16  Drone x2  
  55  4:21  Queen  
  55  4:23  Drone  
  58  4:24  Drone  
  58  4:28  Zergling x2  
  58  4:30  Zergling x2  
  61  4:33  Zergling x4  
  61  4:37  Drone  
  63  4:39  Queen  
  63  4:42  Overlord  
  63  4:44  Overlord  
  65  4:47  Overlord  
  65  4:58  Nydus Network  
  65  4:59  Queen  
  66  5:01  Queen  
  66  5:02  Zergling x2  
  66  5:06  Zergling x2  
  70  5:07  Zergling x2  
  70  5:09  Zergling x2  
  70  5:10  Zergling x2  
  70  5:11  Zergling x2  
  70  5:14  Zergling x8  
  69  5:17  Zergling x2  
  69  5:19  Zergling x2  
  71  5:22  Zergling x2  
  71  5:23  Zergling x2  
  71  5:27  Zergling x2  
  74  5:29  Zergling x2  
  74  5:30  Zergling x2  
  74  5:31  Zergling x6  
  74  5:33  Baneling x2  
  79  5:37  Nydus Canal  
  79  5:39  Zergling x2  
  79  5:40  Baneling x3  
  79  5:41  Zergling x2  
  79  5:42  Zergling x4  
  83  5:49  Baneling x3  
  84  5:50  Zergling x2  
  84  5:51  Zergling x4  
  84  5:52  Nydus Canal  
  84  5:55  Zergling x2  
  85  6:01  Baneling x2, Zergling x2  
  82  6:04  Zergling x2  
  82  6:05  Zergling x2  
  82  6:06  Zergling x2  
  82  6:08  Queen, Baneling x2  
  83  6:11  Baneling x3  
  83  6:15  Baneling x3  
  81  6:18  Baneling  
  81  6:22  Zergling x2  
  81  6:24  Zergling x2  
  81  6:25  Zergling x4  
  85  6:27  Zergling x4  
  85  6:29  Zergling x2  
  85  6:35  Zergling x2  
  85  6:38  Baneling x2  
  85  6:39  Zergling x2  
  85  6:41  Zergling x4  
Tags
 
Add a new tag
Caveats
  • Supply blocks, unpowered buildings, or Contaminate may cause inaccurate times.
  • Supply counts are checked every 10 seconds.